 Dungeon Crawl Stone Soup version 0.21.1-68-g103a7afc0a (webtiles) character file.

184 Pisosu the Skirmisher (level 5, 0/47 HPs)
             Began as a Minotaur Abyssal Knight on Aug 1, 2018.
             Was a Believer of Lugonu.
             Slain by Pikel
             ... wielding a +1 whip of freezing
              (1 damage)
             ... on level 4 of the Dungeon.
             The game lasted 00:12:30 (2832 turns).

Pisosu the Skirmisher (Minotaur Abyssal Knight)     Turns: 2832, Time: 00:12:31

Health: 0/47       AC:  8    Str: 14 (17) XL:     5   Next: 36%
Magic:  5/5        EV:  8    Int:  8 (9)  God:    Lugonu [**....]
Gold:   164        SH:  6    Dex:  7 (10) Spells: 4/4 levels left

rFire    . . .     SeeInvis .   a - +2 mace
rCold    . . .     Gourm    .   f - -1 shield (curse)
rNeg     . . .     Faith    .   t - +1 ring mail
rPois    .         Spirit   .   (helmet restricted)
rElec    .         Reflect  .   (no cloak)
rCorr    .         Harm     .   d - +0 pair of gloves
MR       .....                  (no boots)
Stlth    ..........             k - amulet of magic regeneration
HPRegen  0.15/turn              (no ring)
MPRegen  0.34/turn              (no ring)

@: no status effects
A: retaliatory headbutt, horns 2
a: Depart the Abyss, Bend Space, Renounce Religion


You were on level 4 of the Dungeon.
You worshipped Lugonu.
Lugonu was pleased with you.
You were not hungry.

You visited 1 branch of the dungeon, and saw 4 of its levels.
You visited the Abyss 1 time.

You collected 164 gold pieces.

Inventory:

Hand Weapons
 a - a +2 mace (weapon)
 e - a +0 dagger
 i - a +0 hunting sling
Missiles
 j - 46 stones (quivered)
Armour
 d - a +0 pair of gloves (worn)
 f - a cursed -1 shield (worn)
 l - a +0 scale mail
 t - a +1 ring mail (worn)
Jewellery
 k - an amulet of magic regeneration (around neck)
 m - an uncursed amulet of magic regeneration
Wands
 s - a wand of clouds (5)
Scrolls
 h - a scroll of noise
 o - a scroll of enchant armour
 q - a scroll of remove curse {unknown}
Potions
 g - a potion of invisibility
 n - a potion of degeneration
 p - a potion of heal wounds {unknown}
Comestibles
 b - 2 chunks of flesh
 c - 6 rations


   Skills:
 + Level 4.8 Fighting
 + Level 4.1 Maces & Flails
 + Level 3.8 Armour
 + Level 2.1 Dodging
 + Level 0.1 Stealth
 + Level 1.9 Shields
 + Level 1.7 Invocations


You had 4 spell levels left.
You didn't know any spells.

Dungeon Overview and Level Annotations

Branches:
Dungeon (4/15)
 Temple: D:4-7

Altars:
Dithmenos
Kikubaaqudgha
Ru

Annotations:
D:3 nora's ghost, amateur MiBe
D:4 Pikel


Innate Abilities, Weirdness & Mutations

You reflexively headbutt those who attack you in melee.
You have a pair of horns on your head.


Message History

Pikel hits you with a whip of freezing. Pikel freezes you.
* * * LOW HITPOINT WARNING * * *
Your shield prevents you from hitting Pikel.
Pikel is severely wounded.
Pikel hits you but does no damage. x2
You hit Pikel.
Pikel is severely wounded.
Pikel hits you with a whip of freezing.
* * * LOW HITPOINT WARNING * * *
Pikel freezes you.
* * * LOW HITPOINT WARNING * * *
You barely miss Pikel.
Pikel is severely wounded.
You block Pikel's attack.
Your shield and ring mail prevent you from hitting Pikel.
Pikel is severely wounded.
Pikel hits you but does no damage. Pikel hits you with a whip of freezing.
* * * LOW HITPOINT WARNING * * *
Pikel freezes you.
You die...

#### ###
.....
#.##p.....
#.@Kpp....
#.##p.....
####.########
#............
#.##.########
#.##.#
#.##.###
#......#
#.##.#.####


You could see Pikel and 4 slaves.

Vanquished Creatures
  A black bear (D:3)
  Ijyb (D:3)
  2 worms (D:2)
  2 dart slugs
  4 leopard geckos
  An orc (D:3)
  A giant cockroach (D:2)
  6 goblins
  6 hobgoblins
  6 kobolds
  3 quokkas (D:2)
  8 bats
  6 frilled lizards
  A leopard gecko zombie (D:3)
  8 rats
56 creatures vanquished.

Notes
Turn   | Place    | Note
-------+----------+-------------------------------------------
     0 | Abyss:1  | Pisosu the Minotaur Abyssal Knight began the quest for the Orb.
     0 | Abyss:1  | Reached XP level 1. HP: 19/19 MP: 1/1
     3 | D:1      | Escaped the Abyss
    90 | D:1      | Reached XP level 2. HP: 23/27 MP: 2/2
   810 | D:2      | Found a shadowy altar of Dithmenos.
   830 | D:2      | Reached ** piety under Lugonu
   876 | D:2      | Reached XP level 3. HP: 34/34 MP: 3/3
  1049 | D:2      | Found a sacrificial altar of Ru.
  1404 | D:2      | Found an ancient bone altar of Kikubaaqudgha.
  1692 | D:3      | Noticed Ijyb
  1713 | D:3      | Killed Ijyb
  1713 | D:3      | Reached skill level 1 in Shields
  1713 | D:3      | Reached XP level 4. HP: 20/41 MP: 4/4
  1803 | D:3      | Noticed nora's ghost (amateur MiBe)
  1937 | D:3      | Noticed a black bear
  1967 | D:3      | Killed a black bear
  1967 | D:3      | Reached XP level 5. HP: 30/47 MP: 5/5
  2815 | D:4      | Noticed Pikel
  2815 | D:4      | Noticed a slave
  2815 | D:4      | Noticed a slave
  2815 | D:4      | Noticed a slave
  2815 | D:4      | Noticed a slave
  2832 | D:4      | HP: 1/47 [Pikel/whip of freezing (4)]
  2832 | D:4      | Slain by Pikel

Skill      XL: |  1  2  3  4 |
---------------+-------------+-----
Fighting       | 4 |  4.8
Armour         | 3 |  3.8
Maces & Flails | 3 4 |  4.1
Shields        | 1 |  1.9
Dodging        | 2 |  2.1
Stealth        | |  0.1
Invocations    | |  1.7

Action                   |  1- 3 |  4- 6 || total
-------------------------+-------+-------++-------
Melee: Mace              |   121 |    61 ||   182
       Headbutt          |    15 |    11 ||    26
  Use: Scroll            |     3 |     4 ||     7
       Potion            |       |     2 ||     2
  Eat: Chunk             |     3 |     1 ||     4
       Ration            |       |     1 ||     1
Armor: Leather armour    |    26 |       ||    26
       Ring mail         |    16 |    35 ||    51
Dodge: Dodged            |    67 |    27 ||    94
Block: Shield            |    30 |    23 ||    53
